 Dungeon Sprint DCSS version 0.21.1-1-g345015f (webtiles) character file.

328766 equalderp2856 the Minotaur Barricade (level 19, -1/186 HPs)
             Began as a Minotaur Fighter on May 19, 2018.
             Slain by an Orb Guardian (41 damage)
             ... in the Dungeon (Sprint IX: "|||||||||||||||||||||||||||||").
             The game lasted 00:37:05 (17649 turns).

equalderp2856 the Minotaur Barricade (MiFi)        Turns: 17649, Time: 00:37:06

Health: -1/186     AC: 28    Str: 20    XL:     19   Next: 99%
Magic:  26/26      EV: 34    Int: 10    God:
Gold:   817        SH: 30    Dex: 23    Spells: 26/34 levels left

rFire    + + +     SeeInvis .   b - +9 double sword (holy)
rCold    x x .     Gourm    .   B - +3 large shield of the Scribe {rN+}
rNeg     + . .     Faith    .   R - +4 fire dragon scales {Xtahua}
rPois    +         Spirit   .   E - +2 hat
rElec    .         Reflect  .   D - +2 cloak
rCorr    +         Harm     .   a - +0 pair of gloves {Dex+3}
MR       +....     Rnd*Rage +   C - +0 pair of boots "Omih" {rPois rCorr Int-3 Dex+5} Stlth ++++++++..NoTele +
                                c - amulet "Uraucset" {Fragile +Rage rPois Int+4 Dex+4}
HPRegen  0.41/turn              J - ring of fire
MPRegen  0.20/turn              p - +2 ring of evasion

@: berserk cooldown, hasted and slowed
A: retaliatory headbutt, horns 2, berserk 2, blurry vision 1, clumsy 1, deformed
body, frail 1, low mp 1, screaming 1, weak 1, no potion heal 1, MP-powered wands
}: 4/15 runes: decaying, serpentine, silver, gossamer
a: Evoke Berserk Rage


You were in the Dungeon.
You were hungry.

You visited 1 branch You collected 1961 gold pieces.
You spent 1144 gold pieces at shops.

Inventory:

Hand Weapons
 b - a +9 double sword of holy wrath (weapon)
 o - a +3 long sword of slicing
 t - a +0 executioner's axe of draining
 y - a +2 vampiric trident
 z - a +3 dagger of distortion
 G - the +11 hunting sling of Izogattegi {speed, rF+}
   (You bought it in a shop in the Dungeon)

   Attacks with this weapon are significantly faster.
   It protects you from fire.
 M - a +3 quick blade
 N - the +10 zealot's sword {holy, *Rage rN+ EV+3}
   (You found it in the Dungeon)

   It has been blessed by the Shining One to cause great damage to the undead
   and demons.
   It affects your evasion (+3).
   It protects you from negative energy.
   It may make you go berserk in combat.
 O - a +3 broad axe
 P - a +5 demon trident of flaming
 V - a +1 vampiric demon trident
Missiles
 H - 72 stones (quivered)
 U - 43 sling bullets
Armour
 a - a +0 pair of gloves of dexterity (worn)
 h - +0 fire dragon scales
 k - a +2 chain mail of poison resistance
 s - the +3 plate armour "Cydotoj" {rF+}
   (You found it in the Dungeon)

   It protects you from fire.
 v - a +3 large shield of protection
 B - the +3 large shield of the Scribe (worn) {rN+}
   (You found it in the Dungeon)

   It protects you from negative energy.
 C - the +0 pair of boots "Omih" (worn) {rPois rCorr Int-3 Dex+5}
   (You found it in the Dungeon)

   It affects your intelligence (-3).
   It affects your dexterity (+5).
   It protects you from poison.
   It protects you from acid and corrosion.
 D - a +2 cloak (worn)
 E - a +2 hat (worn)
 Q - the +0 large shield of Peek-a-Boo {rPois rF+ Str+4 Int+3}
   (You found it in the Dungeon)

   It affects your strength (+4).
   It affects your intelligence (+3).
   It protects you from fire.
   It protects you from poison.
 R - +4 fire dragon scales (worn) {Xtahua}
 W - a +3 plate armour of magic resistance
Jewellery
 c - the amulet "Uraucset" (around neck) {Fragile +Rage rPois Int+4 Dex+4}
   (You found it in the Dungeon)

   [amulet of rage]

   It affects your intelligence (+4).
   It affects your dexterity (+4).
   It protects you from poison.
   It lets you go berserk.
   It will be destroyed if unequipped.
 p - a +2 ring of evasion (right hand)
 q - a +2 ring of protection
 J - a ring of fire (left hand)
 K - an uncursed ring of flight {unknown}
 L - an uncursed ring of protection from magic
 X - a +2 ring of intelligence
 Y - a +6 ring of strength
 Z - a +6 ring of dexterity
Scrolls
 m - 6 scrolls of remove curse
 w - 4 scrolls of enchant armour
 x - 3 scrolls of fear
 A - a scroll of blinking
 T - 3 scrolls of fog
Potions
 d - a potion of might
 e - 6 potions of curing
 g - 6 potions of heal wounds
 i - 4 potions of magic
 j - 3 potions of berserk rage
 l - 2 potions of invisibility
 n - 2 potions of mutation
 r - 4 potions of haste
 S - 3 potions of agility
Books
 F - a book of Minor Magic

   Spells                             Type                      Level
   a - Magic Dart                     Conjuration                  1
   b - Blink                          Translocation                2
   c - Call Imp                       Summoning                    2
   d - Slow                           Hexes                        2
   e - Conjure Flame                  Conjuration/Fire             3
   f - Mephitic Cloud                 Conjuration/Poison/Air       3
Miscellaneous
 I - a phial of floods
Comestibles
 f - 4 rations
 u - a chunk of flesh


   Skills:
 O Level 27 Fighting
 + Level 12.2(20.2) Short Blades
 O Level 27 Long Blades
 + Level 13.1(15.1) Axes
 + Level 13.1(15.1) Polearms
 + Level 12.1(14.0) Slings
 + Level 11.3(13.0) Throwing
 O Level 27 Armour
 O Level 27 Dodging
 O Level 27 Stealth
 O Level 27 Shields
 + Level 13.2 Unarmed Combat
 + Level 8.0 Spellcasting
 + Level 8.8 Conjurations
 + Level 7.5 Hexes
 + Level 8.2 Translocations
 + Level 8.2 Fire Magic
 + Level 10.3 Evocations


You had 26 spell levels left.
You knew the following spells:

 Your Spells              Type           Power        Failure   Level  Hunger
a - Magic Dart            Conj           ###.         1%          1    None
b - Blink                 Tloc           N/A          1%          2    #......
c - Slow                  Hex            ###.....     1%          2    #......
d - Conjure Flame         Conj/Fire      ####....     2%          3    ###....


Dungeon Overview and Level Annotations

Branches:
Dungeon (1/1)

Altars:
Cheibriados
Dithmenos
Elyvilon
Fedhas
Gozag
Hepliaklqana
Kikubaaqudgha
Makhleb
Nemelex Xobeh
Okawaru
Qazlal
Ru
Sif Muna
Trog
Uskayaw
Vehumet
Wu Jian
Xom
Yredelemnul
Zin
The Shining One
Beogh
Jiyva
Lugonu

Shops:
D *:[(


Innate Abilities, Weirdness & Mutations

You reflexively headbutt those who attack you in melee.
You have a pair of horns on your head.
You often lose your temper in combat.
Scrolls take you a little longer to read.
You are clumsy. (Dex -2)
Armour fits poorly on your strangely shaped body.
You are frail. (-10% HP)
Your magical capacity is low. (-10% MP)
You occasionally shout uncontrollably at your foes.
You are weak. (Str -2)
Potions are less effective at restoring your health.
You expend magic power (3 MP) to strengthen your wands.


Message History

You assume a fearsome visage.
The moth of wrath looks frightened!
The Orb Guardian resists with almost no effort. x2
Unknown command.
Unknown command.
Really read with blurry vision while enemies are nearby? [Y]es or [N]o only, please.
Really read with blurry vision while enemies are nearby? [Y]es or [N]o only, please.
Really read with blurry vision while enemies are nearby? [Y]es or [N]o only, please.
Really read with blurry vision while enemies are nearby?
Okay, then.
Unknown command.
Your system partially rejects the healing.
You feel much better. You block the Orb Guardian's attack. x2
Unknown command.
Your system partially rejects the healing.
You feel much better. You block the Orb Guardian's attack.
The Orb Guardian hits you!!!
You die...

)▓.▓'▓.▓[▓.▓.▓.▓.▓,*,*,*,*,*,*
)▓.▓)▓.▓.▓.▓.▓.▓.▓,*,*,*,*,*,*
)▓.▓?▓.▓.▓.▓.▓.▓.▓,*,*,*,*,*,*
.▓.▓)▓.▓.▓.▓.▓.▓.▓,*,*,*+*,*,*
.▓.▓(▓.▓.▓.▓.▓.▓.▓,*,*,*,*,*,*
.▓.▓)▓.▓.▓.▓.▓.▓.▓,*,*,*,*,*,*
.▓)▓)▓.▓.▓.▓.▓.▓.▓,*+*,*,*,*,*
.▓.▓.▓.▓.▓.▓)▓.▓.▓,*,*,*,*,*+*
.▓.▓.▓.▓.▓.▓)▓.▓@▓,*,*,*,*,*,*
.▓.▓(▓.▓.▓.▓)▓.▓X▓,*,*,*,*,*+*
.▓.▓.▓.▓.▓.▓[▓.▓X▓,*,*,*,*,*,*
.▓.▓.▓.▓.▓.▓)▓.▓.▓,*,*,*,*,*,*
.▓.▓.▓.▓.▓.▓)▓.▓.▓,*,*,*,*,*,*
'▓.▓.▓.▓?▓.▓.▓.▓y▓,*,*,*+*,*,*
)▓.▓.▓.▓?▓.▓.▓.▓'▓,*,*,*,*,*,*
)▓.▓[▓.▓.▓.▓.▓.▓.▓,*,*,*,*,*,*
)▓.▓.▓.▓.▓.▓.▓.▓.▓,*,*,*,*,*,*


You could see 2 Orb Guardians and a moth of wrath (fleeing).

Vanquished Creatures
  3 ancient liches (D)
  7 orbs of fire (D)
  Mennas (D)
  Mara (D)
  Xtahua (D)
  A curse toe (D)
  Nikola (D)
  4 golden dragons (D)
  Jory (D)
  A bone dragon (D)
  2 electric golems (D)
  3 tentacled monstrosities (D)
  20 Orb Guardians (D)
  A lich (D)
  2 titans (D)
  3 quicksilver dragons (D)
  Gastronok (D)
  3 death cobs (D)
  Agnes (D)
  A draconian monk (D)
  6 shadow dragons (D)
  4 nagarajas (D)
  A tengu reaver (D)
  Kirke (D)
  3 storm dragons (D)
  2 fire giants (D)
  Ilsuiw (D)
  A frost giant (D)
  3 ghost moths (D)
  3 draconian knights (D)
  A draconian shifter (D)
  7 emperor scorpions (D)
  2 vault wardens (D)
  A draconian annihilator (D)
  4 ironheart preservers (D)
  A draconian stormcaller (D)
  5 stone giants (D)
  A very ugly thing (D)
  6 green draconians (D)
  An entropy weaver (D)
  A vampire knight (D)
  3 red draconians (D)
  A white draconian (D)
  2 black draconians (D)
  2 purple draconians (D)
  2 yellow draconians (D)
  2 spark wasps (D)
  4 ettins (D)
  A crystal guardian (D)
  3 fire dragons (D)
  A merfolk javelineer (D)
  Josephine (D)
  5 merfolk impalers (D)
  2 yaktaur captains (D)
  2 great orbs of eyes (D)
  7 ice dragons (D)
  2 rakshasas (D)
  25 vault guards (D)
  6 hydras (D)
  2 anacondas (D)
  A merfolk avatar (D)
  6 merfolk aquamancers (D)
  3 centaur warriors (D)
  2 ogre magi (D)
  A death knight (D)
  3 naga warriors (D)
  A satyr (D)
  3 deep troll earth magi (D)
  An alligator (D)
  A two-headed ogre (D)
  8 orc high priests (D)
  2 deep troll shamans (D)
  2 shock serpents (D)
  2 tengu warriors (D)
  A sea snake (D)
  A flayed ghost (D)
  A deep elf archer (D)
  A naga ritualist (D)
  A glowing orange brain (D)
  2 necromancers (D)
  A harpy (D)
  5 swamp dragons (D)
  13 orc knights (D)
  An orc sorcerer (D)
  2 wolf spiders (D)
  A cyclops (D)
  10 moths of wrath (D)
  An ugly thing (D)
  3 vault sentinels (D)
  A guardian serpent (shapeshifter) (D)
  4 black mambas (D)
  2 naga magi (D)
  Psyche (D)
  2 guardian serpents (D)
  2 spiny frogs (D)
  A torpor snail (shapeshifter) (D)
  2 komodo dragons (D)
  2 yaktaurs (D)
  2 demonic crawlers (D)
  3 jumping spiders (D)
  3 merfolk (D)
  A blink frog (D)
  A tyrant leech (D)
  2 hornets (D)
  2 snapping turtles (D)
  A bog body (D)
  2 slime creatures (D)
  A hippogriff (D)
  2 redbacks (D)
  A vampire (D)
  A tarantella (D)
  A spriggan (shapeshifter) (D)
  4 wraiths (D)
  A tarantella (shapeshifter) (D)
  2 hogs (D)
  2 vampire mosquitoes (D)
  2 nagas (D)
  3 wargs (D)
  A soldier ant (D)
  3 hell hounds (D)
  4 water moccasins (D)
  2 porcupines (D)
  3 swamp drakes (D)
  An ice beast (D)
  8 orc warriors (D)
  A phantom (D)
  2 wolves (D)
  2 boggarts (D)
  A centaur (D)
  A necrophage (D)
  3 crocodiles (D)
  5 bullfrogs (D)
  4 orc priests (D)
  An orc wizard (D)
  A worker ant (D)
  A gnoll (D)
  A worm (D)
  A leopard gecko (D)
  11 orcs (D)
  A ball python (D)
  2 bats (D)
  A bat skeleton (D)
  A bat zombie (D)
  A goblin (D)
  A hobgoblin (D)
  A jackal (D)
385 creatures vanquished.

Vanquished Creatures (others)
  A shadow dragon (D)
  A merfolk javelineer (D)
  A naga mage (D)
  A swamp drake (D)
4 creatures vanquished.

Grand Total: 389 creatures vanquished

Notes
Turn   | Place    | Note
-------+----------+-------------------------------------------
     0 | D        | equalderp2856 the Minotaur Fighter began the quest for the Orb.
     0 | D        | Reached XP level 1. HP: 19/19 MP: 0/0
    12 | D        | Reached XP level 2. HP: 23/28 MP: 1/1
    71 | D        | Reached skill level 5 in Fighting
    71 | D        | Reached skill level 5 in Armour
    71 | D        | Reached skill level 5 in Shields
    71 | D        | Reached XP level 3. HP: 22/36 MP: 2/2
   328 | D        | Found a roughly hewn altar of Beogh.
   328 | D        | Found a snail-covered altar of Cheibriados.
   328 | D        | Found a shadowy altar of Dithmenos.
   328 | D        | Found a white marble altar of Elyvilon.
   328 | D        | Found a blossoming altar of Fedhas.
   328 | D        | Found an opulent altar of Gozag.
   329 | D        | Found a hazy altar of Hepliaklqana.
   330 | D        | Found a viscous altar of Jiyva.
   331 | D        | Found an ancient bone altar of Kikubaaqudgha.
   332 | D        | Found a corrupted altar of Lugonu.
   333 | D        | Found a burning altar of Makhleb.
   334 | D        | Found a sparkling altar of Nemelex Xobeh.
   335 | D        | Found an iron altar of Okawaru.
   336 | D        | Found a stormy altar of Qazlal.
   337 | D        | Found a sacrificial altar of Ru.
   338 | D        | Found a deep blue altar of Sif Muna.
   339 | D        | Found a bloodstained altar of Trog.
   340 | D        | Found a hide-covered altar of Uskayaw.
   341 | D        | Found a radiant altar of Vehumet.
   342 | D        | Found an ornate altar of the Wu Jian Council.
   343 | D        | Found a shimmering altar of Xom.
   344 | D        | Found a basalt altar of Yredelemnul.
   345 | D        | Found a glowing silver altar of Zin.
   346 | D        | Found a glowing golden altar of the Shining One.
   405 | D        | Noticed an ice beast
   405 | D        | Noticed a two-headed ogre
   405 | D        | Noticed a phantom
   405 | D        | Noticed a necrophage
   409 | D        | Killed an ice beast
   409 | D        | Reached skill level 5 in Long Blades
   409 | D        | Reached XP level 4. HP: 33/45 MP: 3/3
   409 | D        | Reached XP level 5. HP: 38/51 MP: 4/4
   421 | D        | Killed a two-headed ogre
   421 | D        | Reached skill level 10 in Fighting
   421 | D        | Reached skill level 10 in Shields
   421 | D        | Reached XP level 6. HP: 21/66 MP: 5/5
   421 | D        | Reached XP level 7. HP: 23/72 MP: 6/6
   701 | D        | Noticed a vampire
   701 | D        | Noticed a centaur warrior
   701 | D        | Noticed a centaur warrior
   701 | D        | Noticed a slime creature
   701 | D        | Noticed a cyan ugly thing
   704 | D        | Killed a vampire
   704 | D        | Reached skill level 10 in Long Blades
   704 | D        | Reached XP level 8. HP: 81/81 MP: 7/7
   716 | D        | Killed a centaur warrior
   721 | D        | Killed a centaur warrior
   721 | D        | Reached XP level 9. HP: 59/90 MP: 8/8
   955 | D        | Killed a cyan ugly thing
  1339 | D        | Noticed a komodo dragon
  1342 | D        | Killed a komodo dragon
  1361 | D        | Reached skill level 5 in Dodging
  1370 | D        | Reached XP level 10. HP: 74/101 MP: 9/9
  1489 | D        | Noticed a spiny frog
  1489 | D        | Noticed a black mamba
  1489 | D        | Noticed a four-headed hydra
  1500 | D        | Killed a spiny frog
  1510 | D        | Killed an eight-headed hydra
  1510 | D        | Reached skill level 15 in Long Blades
  1510 | D        | Reached skill level 1 in Evocations
  1510 | D        | Killed a black mamba
  1991 | D        | Reached skill level 15 in Armour
  1999 | D        | Reached skill level 1 in Stealth
  2177 | D        | Noticed Gastronok
  2199 | D        | Killed Gastronok
  2199 | D        | Reached XP level 11. HP: 78/111 MP: 10/12
  2318 | D        | Noticed Psyche
  2324 | D        | Killed Psyche
  2407 | D        | Reached skill level 15 in Shields
  2594 | D        | Noticed an orc knight
  2594 | D        | Noticed an orc sorcerer
  2613 | D        | Killed an orc knight
  2613 | D        | Reached skill level 15 in Fighting
  2618 | D        | Killed an orc sorcerer
  2767 | D        | Found Nexi's Assorted Antiques.
  2767 | D        | Noticed an orc knight
  2767 | D        | Noticed an orc knight
  2767 | D        | Noticed an orc high priest
  2767 | D        | Noticed an orc knight
  2767 | D        | Noticed an orc high priest
  2770 | D        | Noticed an orc high priest
  2775 | D        | Noticed a sixfirhy
  3117 | D        | Killed an orc knight
  3121 | D        | Killed an orc knight
  3466 | D        | Killed an orc knight
  3566 | D        | Noticed a sixfirhy
  3583 | D        | Killed an orc high priest
  3598 | D        | Killed an orc high priest
  3617 | D        | Killed an orc high priest
  3670 | D        | Noticed an orc high priest
  3675 | D        | Killed an orc high priest
  3754 | D        | Found Papnyr's Book Shoppe.
  3757 | D        | Noticed an orc knight
  3757 | D        | Found Wenn's Armour Emporium.
  3759 | D        | Found Usches's Weapon Shoppe.
  3760 | D        | Noticed an orc high priest
  3762 | D        | Noticed an orc high priest
  3766 | D        | Noticed an orc knight
  3767 | D        | Noticed an orc high priest
  3770 | D        | Killed an orc knight
  3780 | D        | Killed an orc high priest
  3783 | D        | Noticed a sun demon
  3786 | D        | Killed an orc high priest
  3786 | D        | Reached XP level 12. HP: 58/125 MP: 13/13
  4004 | D        | Killed an orc high priest
  4046 | D        | Noticed an orc high priest
  4054 | D        | Killed an orc high priest
  4092 | D        | Bought a scroll labeled ELLEUTZATT for 21 gold pieces
  4092 | D        | Bought a scroll labeled FIERAOMNOSCH for 21 gold pieces
  4161 | D        | Bought a book of Minor Magic for 220 gold pieces
  4163 | D        | Learned a level 1 spell: Magic Dart
  4166 | D        | Learned a level 2 spell: Blink
  4169 | D        | Learned a level 2 spell: Slow
  4173 | D        | Learned a level 3 spell: Conjure Flame
  4183 | D        | Bought the +11 hunting sling of Izogattegi {speed, rF+} for 882 gold pieces
  4638 | D        | Found the +10 zealot's sword {holy, *Rage rN+ EV+3}
  4739 | D        | Noticed a centaur warrior
  4743 | D        | Killed a centaur warrior
  4751 | D        | Noticed a stone giant
  4766 | D        | Noticed an ettin
  4770 | D        | Noticed a stone giant
  4773 | D        | Killed a stone giant
  5240 | D        | Killed an ettin
  5334 | D        | Killed a stone giant
  5388 | D        | Noticed a fire dragon
  5396 | D        | Killed a fire dragon
  5407 | D        | Noticed a deep troll earth mage
  5434 | D        | Killed a deep troll earth mage
  5676 | D        | Noticed a stone giant
  5684 | D        | Killed a stone giant
  5793 | D        | Noticed a four-headed hydra
  5812 | D        | Killed a nine-headed hydra
  5961 | D        | Noticed an entropy weaver
  5961 | D        | Noticed a spark wasp
  5963 | D        | Reached XP level 13. HP: 137/137 MP: 14/14
  5964 | D        | Killed an entropy weaver
  5964 | D        | Reached skill level 10 in Dodging
  5980 | D        | Killed a spark wasp
  6128 | D        | Noticed a nagaraja
  6158 | D        | Killed a nagaraja
  6594 | D        | Noticed a merfolk impaler
  6609 | D        | Killed a merfolk impaler
  6778 | D        | Noticed Josephine
  6785 | D        | Killed Josephine
  6878 | D        | Noticed an ettin
  6878 | D        | Noticed a fire giant
  6897 | D        | Killed a fire giant
  6912 | D        | HP: 5/143 [rakshasa/orb of energy (29)]
  7237 | D        | Killed an ettin
  7536 | D        | Reached skill level 5 in Stealth
  7688 | D        | Noticed a stone giant
  7737 | D        | Killed a stone giant
  7737 | D        | Reached XP level 14. HP: 104/152 MP: 15/15
  7898 | D        | Noticed a frost giant
  7912 | D        | Killed a frost giant
  8535 | D        | Noticed an ironheart preserver
  8547 | D        | Noticed a vault warden
  8748 | D        | Killed an ironheart preserver
  9142 | D        | Killed a vault warden
  9262 | D        | Noticed a fire giant
  9275 | D        | Killed a fire giant
  9319 | D        | HP: 3/155 [necromancer/bolt of cold (30)]
  9677 | D        | Noticed a stone giant
  9679 | D        | Noticed a cyan very ugly thing
  9690 | D        | Killed a stone giant
  9700 | D        | Killed a cyan very ugly thing
 10018 | D        | Noticed Mara
 10028 | D        | Killed Mara
 10182 | D        | Noticed Jory
 10194 | D        | Killed Jory
 10420 | D        | Got the +0 pair of boots "Omih" {rPois rCorr Int-3 Dex+5}
 10496 | D        | Got the +3 plate armour "Cydotoj" {rF+}
 10609 | D        | Got the +0 large shield of Peek-a-Boo {rPois rF+ Str+4 Int+3}
 10683 | D        | Noticed Nikola
 10704 | D        | Killed Nikola
 10704 | D        | Reached XP level 15. HP: 35/166 MP: 16/16
 10754 | D        | Paralysed by fainting for 5 turns
 11113 | D        | Noticed Kirke
 11143 | D        | Killed Kirke
 11143 | D        | Reached skill level 1 in Unarmed Combat
 11400 | D        | Killed a ghost moth
 11453 | D        | Reached skill level 5 in Unarmed Combat
 11634 | D        | Killed a ghost moth
 11656 | D        | Got a gossamer rune of Zot
 11728 | D        | Got a decaying rune of Zot
 11745 | D        | Noticed a nagaraja
 11746 | D        | Noticed a nagaraja
 11754 | D        | Killed a nagaraja
 11784 | D        | Killed a nagaraja
 11801 | D        | Noticed a nagaraja
 11845 | D        | Killed a nagaraja
 12067 | D        | Got a serpentine rune of Zot
 12091 | D        | Noticed Ilsuiw
 12115 | D        | Killed Ilsuiw
 12128 | D        | Reached skill level 27 in Shields
 12171 | D        | Reached XP level 16. HP: 100/182 MP: 17/17
 12420 | D        | Noticed Agnes
 12426 | D        | Killed Agnes
 12492 | D        | Reached skill level 27 in Fighting
 12495 | D        | Reached skill level 27 in Long Blades
 12700 | D        | Reached skill level 15 in Dodging
 12792 | D        | Noticed a tengu reaver
 12793 | D        | Noticed a tentacled monstrosity
 12812 | D        | Killed a tentacled monstrosity
 12818 | D        | Killed a tengu reaver
 12819 | D        | Noticed a shadow dragon
 12823 | D        | Noticed a shadow dragon
 12836 | D        | Paralysed by a great orb of eyes for 3 turns
 12840 | D        | Noticed a lich
 12916 | D        | Killed a shadow dragon
 12923 | D        | Killed a shadow dragon
 12923 | D        | Reached skill level 27 in Armour
 12933 | D        | Killed a lich
 13130 | D        | Noticed a shadow dragon
 13130 | D        | Noticed a quicksilver dragon
 13130 | D        | Noticed a golden dragon
 13130 | D        | Noticed a titan
 13130 | D        | Noticed a shadow dragon
 13131 | D        | Noticed a titan
 13143 | D        | Killed a shadow dragon
 13144 | D        | Noticed a shadow dragon
 13150 | D        | Killed a golden dragon
 13155 | D        | Killed a quicksilver dragon
 13162 | D        | Killed a titan
 13162 | D        | Reached XP level 17. HP: 141/191 MP: 18/18
 13172 | D        | Killed a titan
 13182 | D        | Got a silver rune of Zot
 13204 | D        | Paralysed by fainting for 10 turns
 13214 | D        | Paralysed by fainting for 5 turns
 13468 | D        | Noticed Xtahua
 13480 | D        | Killed Xtahua
 13777 | D        | Got the +3 large shield of the Scribe {rN+}
 13896 | D        | Noticed Mennas
 13971 | D        | Killed Mennas
 14468 | D        | Noticed a bone dragon
 14474 | D        | Reached skill level 27 in Dodging
 14483 | D        | Reached skill level 1 in Axes
 14483 | D        | Reached skill level 1 in Polearms
 14490 | D        | Killed a bone dragon
 14490 | D        | Reached skill level 1 in Throwing
 14490 | D        | Reached skill level 1 in Spellcasting
 14490 | D        | Reached skill level 1 in Conjurations
 14490 | D        | Reached skill level 1 in Hexes
 14490 | D        | Reached skill level 1 in Translocations
 14490 | D        | Reached skill level 1 in Fire Magic
 14775 | D        | Got the amulet "Uraucset" {Fragile +Rage rPois Int+4 Dex+4}
 14961 | D        | Noticed an orb of fire
 14974 | D        | Gained mutation: You tend to lose your temper in combat. [an orb of fire]
 14975 | D        | Gained mutation: Your magical capacity is low. (-10% MP) [an orb of fire]
 14978 | D        | Gained mutation: You are frail. (-10% HP) [an orb of fire]
 14985 | D        | Killed an orb of fire
 14985 | D        | Reached skill level 5 in Short Blades
 14985 | D        | Reached skill level 5 in Axes
 14985 | D        | Reached skill level 5 in Polearms
 14985 | D        | Reached skill level 5 in Slings
 14985 | D        | Reached skill level 5 in Evocations
 15021 | D        | Reached skill level 5 in Throwing
 15272 | D        | Noticed a quicksilver dragon
 15293 | D        | Reached XP level 18. HP: 180/180 MP: 19/21
 15330 | D        | Reached skill level 5 in Conjurations
 15370 | D        | Reached skill level 5 in Translocations
 15370 | D        | Reached skill level 5 in Fire Magic
 15380 | D        | Reached skill level 5 in Spellcasting
 15730 | D        | Noticed a golden dragon
 15732 | D        | Noticed a tentacled monstrosity
 15734 | D        | Reached skill level 10 in Unarmed Combat
 15749 | D        | Killed a golden dragon
 15749 | D        | Reached skill level 5 in Hexes
 15752 | D        | Killed a tentacled monstrosity
 15941 | D        | Noticed an Orb Guardian
 15941 | D        | Noticed an Orb Guardian
 15941 | D        | Noticed an Orb Guardian
 15941 | D        | Noticed an Orb Guardian
 15941 | D        | Noticed an Orb Guardian
 15941 | D        | Noticed an Orb Guardian
 15949 | D        | Killed an Orb Guardian
 15949 | D        | Reached skill level 10 in Axes
 15949 | D        | Reached skill level 10 in Polearms
 15957 | D        | Killed an Orb Guardian
 15962 | D        | Killed an Orb Guardian
 15965 | D        | Killed an Orb Guardian
 15972 | D        | Killed an Orb Guardian
 15973 | D        | Noticed an Orb Guardian
 15978 | D        | Killed an Orb Guardian
 15978 | D        | Reached skill level 10 in Short Blades
 15978 | D        | Reached skill level 10 in Slings
 15978 | D        | Reached skill level 10 in Stealth
 15985 | D        | Killed an Orb Guardian
 16020 | D        | Noticed an Orb Guardian
 16021 | D        | Noticed an Orb Guardian
 16022 | D        | Noticed an Orb Guardian
 16027 | D        | Killed an Orb Guardian
 16030 | D        | Killed an Orb Guardian
 16036 | D        | Killed an Orb Guardian
 16102 | D        | Noticed a golden dragon
 16102 | D        | Noticed a curse toe
 16102 | D        | Noticed an Orb Guardian
 16102 | D        | Noticed an Orb Guardian
 16103 | D        | Noticed an Orb Guardian
 16114 | D        | Killed a golden dragon
 16116 | D        | Killed a curse toe
 16116 | D        | Reached skill level 10 in Throwing
 16117 | D        | Noticed an Orb Guardian
 16125 | D        | Killed an Orb Guardian
 16126 | D        | Killed an Orb Guardian
 16139 | D        | Killed an Orb Guardian
 16141 | D        | Killed an Orb Guardian
 16499 | D        | Noticed an ancient lich
 16505 | D        | Killed an ancient lich
 16507 | D        | Noticed an orb of fire
 16519 | D        | Killed an orb of fire
 16519 | D        | Reached skill level 10 in Evocations
 16519 | D        | Reached XP level 19. HP: 160/186 MP: 26/26
 16583 | D        | Noticed an electric golem
 16585 | D        | Killed an electric golem
 16587 | D        | Noticed an electric golem
 16587 | D        | Noticed an orb of fire
 16587 | D        | Noticed an ancient lich
 16588 | D        | Noticed an orb of fire
 16595 | D        | Noticed an orb of fire
 16598 | D        | Noticed a golden dragon
 16599 | D        | Gained mutation: You occasionally shout uncontrollably at your foes. [an orb of fire]
 16600 | D        | Gained mutation: You are clumsy. (Dex -2) [an orb of fire]
 16605 | D        | Killed an orb of fire
 16605 | D        | Reached skill level 15 in Stealth
 16611 | D        | Noticed an orb of fire
 16611 | D        | Killed an ancient lich
 16616 | D        | Noticed an orb of fire
 16617 | D        | Gained mutation: You expend magic power (3 MP) to strengthen your wands. [an orb of fire]
 16627 | D        | Killed an electric golem
 17029 | D        | Gained mutation: Potions are less effective at restoring your health. [an orb of fire]
 17040 | D        | Gained mutation: Armour fits poorly on your strangely shaped body. [an orb of fire]
 17044 | D        | Killed an orb of fire
 17073 | D        | Killed a golden dragon
 17109 | D        | Killed an orb of fire
 17389 | D        | Killed an orb of fire
 17389 | D        | Gained mutation: You are weak. (Str -2) [an orb of fire]
 17390 | D        | Gained mutation: You often lose your temper in combat. [an orb of fire]
 17399 | D        | Gained mutation: Scrolls take you a little longer to read. [an orb of fire]
 17401 | D        | Killed an orb of fire
 17593 | D        | Noticed an ancient lich
 17602 | D        | Killed an ancient lich
 17631 | D        | Reached skill level 27 in Stealth
 17647 | D        | HP: 3/186 [Orb Guardian (45)]
 17649 | D        | Slain by an Orb Guardian

Skill      XL: |  1  2  3  4  5  6  7  8  9 10 11 12 13 14 15 16 17 18 19 |
---------------+----------------------------------------------------------+-----
Fighting       | 4 5 6 10 12 13 14 17 19 21 24 26 27 | 27.0
Armour         | 4 5 7 11 13 14 15 16 17 18 19 20 27 | 27.0
Shields        | 4 5 7 10 11 12 14 16 19 21 23 27 | 27.0
Long Blades    | 3 5 9 10 12 14 16 18 19 21 24 26 27 | 27.0
Dodging        | 2 3 5 6 8 9 11 13 21 27 | 27.0
Evocations     | 2 3 6 10 | 10.3
Stealth        | 1 3 4 5 7 11 27 | 27.0
Unarmed Combat | 5 9 13 | 13.2
Axes           | 7 12 13 | 13.1
Polearms       | 7 12 13 | 13.1
Short Blades   | 6 11 12 | 12.2
Slings         | 6 11 12 | 12.1
Throwing       | 6 11 | 11.3
Spellcasting   | 4 7 8 |  8.0
Conjurations   | 4 8 |  8.8
Hexes          | 4 7 |  7.5
Translocations | 4 8 |  8.2
Fire Magic     | 4 8 |  8.2

Action                   |  1- 3 |  4- 6 |  7- 9 | 10-12 | 13-15 | 16-18 | 19-21 || total
-------------------------+-------+-------+-------+-------+-------+-------+-------++-------
Melee: Long sword        |    25 |       |       |   103 |   183 |       |       ||   311
       Headbutt          |     5 |       |    28 |   105 |   206 |   266 |    55 ||   665
       Scimitar          |     4 |     6 |    81 |   190 |       |       |       ||   281
       Eudemon blade     |       |       |       |   109 |   501 |   342 |       ||   952
       Unarmed           |       |       |       |       |    23 |       |       ||    23
       Double sword      |       |       |       |       |       |   420 |   161 ||   581
Evoke: Wand              |       |     1 |     1 |     8 |       |       |       ||    10
  Use: Potion            |       |     1 |     1 |     4 |     5 |     2 |     4 ||    17
       Scroll            |       |       |       |     3 |     2 |     5 |     2 ||    12
 Stab: Distracted        |       |       |       |       |       |       |     1 ||     1
       Sleeping          |       |       |       |       |       |       |     1 ||     1
  Eat: Chunk             |       |       |       |     8 |    11 |    10 |     3 ||    32
       Ration            |       |       |       |     2 |     3 |     2 |       ||     7
Armor: Scale mail        |     9 |     3 |    12 |    32 |       |       |       ||    56
       Chain mail        |       |       |       |    13 |    68 |       |       ||    81
       Plate armour      |       |       |       |       |    82 |   109 |       ||   191
       Fire dragon scale |       |       |       |       |       |       |     9 ||     9
Dodge: Dodged            |    11 |     3 |    28 |    93 |   216 |   224 |    34 ||   609
Block: Shield            |    11 |     3 |    32 |   161 |   201 |       |       ||   408
       Large shield      |       |       |       |       |   333 |   548 |    88 ||   969
       Rpst.: Long sword |     2 |       |       |     2 |     8 |       |       ||    12
       Scimitar          |       |       |     7 |     6 |       |       |       ||    13
       Eudemon blade     |       |       |       |     6 |    18 |     8 |       ||    32
       Double sword      |       |       |       |       |       |    14 |     3 ||    17
